 Dungeon Sprint DCSS version 0.20-a0-1058-g0491fde (webtiles) character file.

469244 galech the Dwarven Barricade (level 18, 218/218 HPs)
             Began as a Deep Dwarf Fighter on Apr 26, 2017.
             Was the Champion of Makhleb.
             Escaped with the Orb!
             The game lasted 00:48:21 (2755 turns).

galech the Dwarven Barricade (Deep Dwarf Fighter)   Turns: 2755, Time: 00:48:21

Health: 218/218    AC: 52    Str: 28    XL:     18   Next: 70%
Magic:  28/28      EV: 24    Int: 13    God:    Makhleb [******]
Gold:   0          SH: 41    Dex: 22    Spells: 17/17 levels left

rFire    + . .     SeeInvis +   K - +14 obsidian axe {chop, +Fly SInv *Curse} (curse)
rCold    x . .     Gourm    .   M - +18 shield of the Gong {rElec rN+ MR+ EV-5}
rNeg     + + +     Faith    .   L - +15 Maxwell's patent armour {-Cast -Tele rElec MR+ rCorr}
rPois    .         Spirit   .   R - +2 helmet {Int+3}
rElec    +         Reflect  +   o - +2 cloak {+Inv}
rCorr    +         Harm     .   P - +0 pair of gloves of Beauty {rN+ Regen+ rCorr} (curse)
MR       +++++     NoTele   +   T - +2 pair of boots {Stlth+} Stlth ++........NoCast +
                                X - amulet of Naih {Reflect Dex+5 SH+3}
Regen    0.0/turn               a - ring of Loenwaaq {rC- Str-3 Dex+2 Slay+6 Stlth+}
MPRegen  0.3/turn               O - ring of Springtime {rF+ MR+ Str+4 Dex+3}

@: non-regenerating, studying 2 skills
A: damage resistance, heal wounds, negative energy resistance 1, sense
surroundings 3, no regeneration
0: Orb of Zot
a: Heal Wounds, Minor Destruction, Lesser Servant of Makhleb, Major Destruction,
Greater Servant of Makhleb, Renounce Religion, Evoke Invisibility, Evoke Flight


You escaped.
You worshipped Makhleb.
Makhleb was exalted by your worship.
You were not hungry.

You visited 1 branch

Inventory:

Hand Weapons
 K - the cursed +14 obsidian axe (weapon) {chop, +Fly SInv *Curse}
   (You found it in the Dungeon)

   It inflicts extra damage upon your enemies.
   It lets you see invisible.
   It lets you fly.
   It curses itself when equipped.
   It has a curse placed upon it.
Armour
 o - a +2 cloak of invisibility (worn)
 L - the +15 Maxwell's patent armour (worn) {-Cast -Tele rElec MR+ rCorr}
   (You found it in the Dungeon)

   It insulates you from electricity.
   It affects your resistance to hostile enchantments.
   It prevents spellcasting.
   It prevents most forms of teleportation.
   It protects you from acid and corrosion.
 M - the +18 shield of the Gong (worn) {rElec rN+ MR+ EV-5}
   (You found it in the Dungeon)

   It affects your evasion (-5).
   It insulates you from electricity.
   It protects you from negative energy.
   It affects your resistance to hostile enchantments.
 P - the cursed +0 pair of gloves of Beauty (worn) {rN+ Regen+ rCorr}
   (You found it in the Dungeon)

   It protects you from negative energy.
   It increases your rate of regeneration.
   It protects you from acid and corrosion.
   It has a curse placed upon it.
 R - a +2 helmet of intelligence (worn)
 T - a +2 pair of boots of stealth (worn)
 W - a scarf of resistance
Jewellery
 a - the ring of Loenwaaq (left hand) {rC- Str-3 Dex+2 Slay+6 Stlth+}
   (You took it off an orc warlord in the Dungeon)

   [ring of dexterity]

   It affects your strength (-3).
   It affects your dexterity (+2).
   It affects your accuracy and damage with ranged weapons and melee attacks
   (+6).
   It makes you vulnerable to cold.
   It makes you more stealthy.
 b - the amulet "Kyveorang" {Faith rF- rC+ rN+ Slay+3}
   (You took it off an orc knight in the Dungeon)

   [amulet of faith]

   It allows you to gain divine favour quickly.
   It affects your accuracy and damage with ranged weapons and melee attacks
   (+3).
   It makes you vulnerable to fire.
   It protects you from cold.
   It protects you from negative energy.
 c - a +3 amulet of reflection
 u - a +3 ring of evasion
 y - an uncursed ring of positive energy
 A - the ring "Fahumiss" {rN+ SInv}
   (You took it off a draconian knight in the Dungeon)

   [ring of see invisible]

   It protects you from negative energy.
   It lets you see invisible.
 C - the ring "Equrishre" {+Blink rF+ Int+3}
   (You found it in the Dungeon)

   [ring of protection from fire]

   It affects your intelligence (+3).
   It protects you from fire.
   It lets you blink.
 D - the ring "Wedweuse" {rPois rC+}
   (You took it off a yellow draconian in the Dungeon)

   [ring of poison resistance]

   It protects you from cold.
   It protects you from poison.
 E - the amulet "Giugg" {Reflect MR++ Dex+3 SH+4}
   (You found it in the Dungeon)

   [amulet of reflection]

   It shields you and reflects attacks.
   It affects your dexterity (+3).
   It affects your resistance to hostile enchantments.
   It affects your SH (+4).
 G - the ring of Egomania {rPois Str+5 Dex+6}
   (You took it off a necromancer in the Dungeon)

   [ring of strength]

   It affects your strength (+5).
   It affects your dexterity (+6).
   It protects you from poison.
 H - an uncursed ring of protection from cold
 I - the ring of Mihoputo {Wiz *Slow Int+3 Dex+6}
   (You took it off a vampire knight in the Dungeon)

   [ring of wizardry]

   It improves your spell success rate.
   It affects your intelligence (+3).
   It affects your dexterity (+6).
   It may slow you when you take damage.
 J - the ring "Gigh" {+Fly Dex+2 Slay+4 SInv Stlth+}
   (You took it off a necromancer in the Dungeon)

   [ring of flight]

   It affects your dexterity (+2).
   It affects your accuracy and damage with ranged weapons and melee attacks
   (+4).
   It lets you see invisible.
   It lets you fly.
   It makes you more stealthy.
 N - the amulet of Zoexagug {Inacc *Slow rF+ rC+ Int+2}
   (You found it in the Dungeon)

   [amulet of inaccuracy]

   It reduces the accuracy of all your attacks.
   It affects your intelligence (+2).
   It protects you from fire.
   It protects you from cold.
   It may slow you when you take damage.
 O - the ring of Springtime (right hand) {rF+ MR+ Str+4 Dex+3}
   (You found it in the Dungeon)

   [ring of protection from fire]

   It affects your strength (+4).
   It affects your dexterity (+3).
   It protects you from fire.
   It affects your resistance to hostile enchantments.
 Q - the ring of Baaduz {rElec rPois MR- Str+2 Dex+2}
   (You found it in the Dungeon)

   [ring of strength]

   It affects your strength (+2).
   It affects your dexterity (+2).
   It insulates you from electricity.
   It protects you from poison.
   It affects your resistance to hostile enchantments.
 S - an uncursed ring of protection from cold
 X - the amulet of Naih (around neck) {Reflect Dex+5 SH+3}
   (You found it in the Dungeon)

   [amulet of reflection]

   It shields you and reflects attacks.
   It affects your dexterity (+5).
   It affects your SH (+3).
 Y - the ring of Youthful Indiscretion {Ice rElec Str+2}
   (You found it in the Dungeon)

   [ring of ice]

   It enhances your ice magic.
   It affects your strength (+2).
   It makes you vulnerable to fire.
   It protects you from cold.
   It insulates you from electricity.
 Z - the ring of Rofrowo {rPois rN++ Str+4 Int+2}
   (You found it in the Dungeon)

   [ring of poison resistance]

   It affects your strength (+4).
   It affects your intelligence (+2).
   It protects you from poison.
   It greatly protects you from negative energy.
Scrolls
 k - 4 scrolls of blinking
 q - 4 scrolls of amnesia
 r - 3 scrolls of recharging
 s - 7 scrolls of fog
 t - 2 scrolls of holy word
 v - 5 scrolls of remove curse
 w - 2 scrolls of fear
Potions
 d - 7 potions of might
 e - 9 potions of curing
 g - 7 potions of heal wounds
 h - 6 potions of haste
 i - 7 potions of magic
 j - 3 potions of berserk rage
 l - 2 potions of brilliance
 m - 2 potions of invisibility
 n - 4 potions of resistance
 p - 7 potions of agility
Books
 B - a manual of Slings
 F - a manual of Necromancy
 U - a manual of Slings
Comestibles
 f - 4 bread rations
 x - 42 fruits
 z - 4 meat rations
 V - 3 royal jellies


   Skills:
 O Level 27 Fighting
 O Level 27 Axes
 O Level 27 Armour
 + Level 26.1 Dodging
 - Level 20.2 Stealth
 O Level 27 Shields
 + Level 15.9 Invocations


You had 17 spell levels left.
You didn't know any spells.

Dungeon Overview and Level Annotations

Branches:
Dungeon (1/1)

Altars:
Ashenzari
Cheibriados
Dithmenos
Elyvilon
Fedhas
Gozag
Hepliaklqana
Kikubaaqudgha
Makhleb
Nemelex Xobeh
Okawaru
Qazlal
Ru
Sif Muna
Trog
Uskayaw
Vehumet
Wu Jian
Xom
Yredelemnul
Zin
The Shining One
Beogh
Jiyva
Lugonu


Innate Abilities, Weirdness & Mutations

You are resistant to damage.
You can heal yourself by infusing magical energy.
You resist negative energy. (rN+)
You passively map a large area around you.
You do not regenerate.


Message History

You start waiting.
You start waiting.
You start waiting.
You start waiting.
You start waiting.
You start waiting.
You start waiting.
You start waiting.
You start waiting.
You start waiting.
You start waiting.
You start waiting.
You start waiting.
You start waiting.
You start waiting.
You start waiting.
There is a staircase leading out of the dungeon here.
You can't go down here!
Unknown command.
You have escaped!

............▓.............▓...8©8
............▓.|▓.......▓..▓..[333
............▓..†..........▓...)}:
............▓.†...........▓......
............▓.............▓......
............▓▓▓▓▓▓▓▓▓▓▓▓▓▓▓......
▓.......▓...▓8888888888888▓...)))
▓▓.....▓▓* .▓8...........8▓..▓)))
▓.......▓...▓8..@........8▓.▓....
33..........▓8...........8▓......
............▓8888888888888▓▓▓▓▓▓▓
▓▓▓▓▓▓▓▓▓▓▓▓▓▓▓▓▓▓▓▓▓▓▓▓▓▓▓▓▓▓▓▓▓
.....8©8........▓........8©8.....
::.=3)3"}}}}.||.▓...)[.:..:4).)|:
:::.[4:})"|}.|:.▓...)|:[).)[|.).)
.:).:.=)|=:)}[}.▓.|.}[|}})[)}.[[.
................▓.......)[.)|....


There were no monsters in sight!

Vanquished Creatures
  3 ancient liches (D)
  2 curse toes (D)
  A bone dragon (D)
  3 pearl dragons (D)
  14 Orb Guardians (D)
  7 tentacled monstrosities (D)
  11 liches (D)
  A quicksilver dragon (D)
  A titan (D)
  An acid blob (D)
  4 shadow dragons (D)
  3 nagarajas (D)
  2 daevas (D)
  A draconian monk (D)
  4 azure jellies (D)
  5 storm dragons (D)
  A draconian knight (D)
  4 ghost moths (D)
  A deep elf sorcerer (D)
  6 orc warlords (D)
  A draconian stormcaller (D)
  A draconian shifter (D)
  3 ghouls (D)
  An angel (D)
  A reaper (D)
  6 stone giants (D)
  An apis (D)
  An ophan (D)
  3 green draconians (D)
  3 entropy weavers (D)
  7 vampire knights (D)
  A purple draconian (D)
  5 black draconians (D)
  4 white draconians (D)
  A red draconian (D)
  4 yellow draconians (D)
  An ettin (D)
  2 death oozes (D)
  A deep elf high priest (D)
  8 vault guards (D)
  A spriggan air mage (D)
  A great orb of eyes (D)
  2 naga warriors (D)
  2 anacondas (D)
  A centaur warrior (D)
  A hell hog (D)
  5 vampire magi (D)
  2 orc high priests (D)
  2 deep elf knights (D)
  7 skeletal warriors (D)
  A shadow wraith (D)
  2 glowing orange brains (D)
  4 cherubim (D)
  A deep elf archer (D)
  4 orc knights (D)
  8 necromancers (D)
  3 phantasmal warriors (D)
  A worldbinder (D)
  An orb spider (D)
  4 wolf spiders (D)
  A shining eye (D)
  2 deep elf magi (D)
  An orc sorcerer (D)
  9 moths of wrath (D)
  5 guardian serpents (D)
  6 naga magi (D)
  A torpor snail (D)
  5 black mambas (D)
  An orange demon (D)
  5 hellions (D)
  4 demonic crawlers (D)
  2 tormentors (D)
  2 yaktaurs (D)
  2 trolls (D)
  5 jumping spiders (D)
  3 hornets (D)
  A wind drake (D)
  5 slime creatures (D)
  5 air elementals (D)
  3 redbacks (D)
  A flying skull (D)
  8 shadows (D)
  2 tarantellas (D)
  A yak (D)
  6 vampires (D)
  3 wraiths (D)
  2 small abominations (D)
  A chaos spawn (D)
  2 nagas (D)
  2 wargs (D)
  4 insubstantial wisps (D)
  4 hell hounds (D)
  6 water moccasins (D)
  A floating eye (D)
  2 porcupines (D)
  6 orc warriors (D)
  3 ogres (D)
  3 necrophages (D)
  3 eyes of draining (D)
  A centaur (D)
  A phantom (D)
  A scorpion (D)
  10 wights (D)
  2 crimson imps (D)
  3 quasits (D)
  3 orc priests (D)
  4 orc wizards (D)
  An iron imp (D)
  5 adders (D)
  A shadow imp (D)
  An ufetubus (D)
  8 adder zombies (D)
  6 adder skeletons (D)
  An orc (D)
  3 ball pythons (D)
  7 bat skeletons (D)
  5 bat zombies (D)
  A ball python zombie (D)
  2 giant cockroach zombies (D)
  A jackal skeleton (D)
  A jackal zombie (D)
  3 leopard gecko skeletons (D)
  3 leopard gecko zombies (D)
385 creatures vanquished.

Vanquished Creatures (collateral kills)
  A pearl dragon (D)
  A lich (D)
  2 Orb Guardians (D)
  A deep elf master archer (D)
  An acid blob (D)
  A tentacled starspawn (D)
  2 nagarajas (D)
  An azure jelly (D)
  A ghost moth (D)
  3 orc warlords (D)
  3 stone giants (D)
  2 reapers (D)
  A vampire knight (D)
  An apis (D)
  2 ophanim (D)
  A deep elf annihilator (D)
  2 death oozes (D)
  A deep elf high priest (D)
  2 vault guards (D)
  A naga warrior (D)
  2 anacondas (D)
  A dancing weapon (D)
  A hell hog (D)
  2 orc high priests (D)
  A hell knight (D)
  2 glowing orange brains (D)
  A flayed ghost (D)
  A deep elf archer (D)
  4 orc sorcerers (D)
  3 orb spiders (D)
  A necromancer (D)
  An orc knight (D)
  A shining eye (D)
  2 moths of wrath (D)
  A guardian serpent (D)
  A black mamba (D)
  4 naga magi (D)
  A hellion (D)
  A demonic crawler (D)
  A red devil (D)
  4 wind drakes (D)
  A jumping spider (D)
  4 hornets (D)
  3 slime creatures (D)
  An air elemental (D)
  2 shadows (D)
  An insubstantial wisp (D)
  A hell hound (D)
  3 water moccasins (D)
  2 wargs (D)
  12 orc warriors (D)
  A necrophage (D)
  A phantom (D)
  5 ogres (D)
  5 wights (D)
  An iron imp (D)
  2 orc wizards (D)
  An adder (D)
  A shadow imp (D)
  A white imp (D)
  An ufetubus (D)
  An adder zombie (D)
  A ball python (D)
  4 bat skeletons (D)
  6 bat zombies (D)
  2 ball python skeletons (D)
  A quokka skeleton (D)
130 creatures vanquished.

Vanquished Creatures (others)
  A stone giant (D)
  An unseen horror (shapeshifter) (D)
  A fire elemental (D)
  A wight (D)
  A ball python (D)
  A jackal zombie (D)
6 creatures vanquished.

Grand Total: 521 creatures vanquished

Notes
Turn   | Place    | Note
-------+----------+-------------------------------------------
     0 | D        | galech the Deep Dwarf Fighter began the quest for the Orb.
     0 | D        | Reached XP level 1. HP: 20/20 MP: 1/1
     2 | D        | Found a blossoming altar of Fedhas.
     5 | D        | Found a deep blue altar of Sif Muna.
     5 | D        | Found a sacrificial altar of Ru.
     5 | D        | Found a bloodstained altar of Trog.
     5 | D        | Found a stormy altar of Qazlal.
     5 | D        | Found an iron altar of Okawaru.
     5 | D        | Found a sparkling altar of Nemelex Xobeh.
     7 | D        | Found an ancient bone altar of Kikubaaqudgha.
     7 | D        | Found a viscous altar of Jiyva.
     7 | D        | Found a corrupted altar of Lugonu.
     7 | D        | Found a hazy altar of Hepliaklqana.
     7 | D        | Found a burning altar of Makhleb.
     7 | D        | Found an opulent altar of Gozag.
    62 | D        | Became a worshipper of Makhleb the Destroyer
   109 | D        | Entered arena 2.
   109 | D        | Noticed a yaktaur
   109 | D        | Noticed a centaur
   112 | D        | Killed a centaur
   112 | D        | Reached skill level 5 in Shields
   112 | D        | Reached XP level 2. HP: 31/31 MP: 2/2
   112 | D        | Reached XP level 3. HP: 38/38 MP: 3/3
   112 | D        | Reached XP level 4. HP: 45/45 MP: 4/4
   113 | D        | Killed a yaktaur
   113 | D        | Reached skill level 5 in Axes
   113 | D        | Reached XP level 5. HP: 46/56 MP: 5/5
   113 | D        | Reached XP level 6. HP: 51/63 MP: 6/6
   121 | D        | Entered arena 3.
   121 | D        | Noticed a porcupine
   121 | D        | Noticed a porcupine
   121 | D        | Noticed a yak
   124 | D        | Killed a porcupine
   124 | D        | Reached * piety under Makhleb
   124 | D        | Killed a porcupine
   124 | D        | Reached XP level 7. HP: 55/73 MP: 7/7
   129 | D        | Killed a yak
   129 | D        | Reached skill level 10 in Armour
   129 | D        | Reached skill level 10 in Shields
   140 | D        | Entered arena 4.
   140 | D        | Noticed a tarantella
   140 | D        | Noticed a jumping spider
   140 | D        | Noticed a jumping spider
   144 | D        | Reached ** piety under Makhleb
   145 | D        | Killed a tarantella
   146 | D        | Killed a jumping spider
   146 | D        | Reached XP level 8. HP: 84/84 MP: 8/8
   150 | D        | Killed a jumping spider
   161 | D        | Got a slimy buckler
   172 | D        | Identified the +2 buckler "Boho" {+Blink Str-2 Dex+3} (You acquired it in the Dungeon)
   183 | D        | Entered arena 5.
   185 | D        | Reached *** piety under Makhleb
   193 | D        | Got the cursed +0 pair of gloves of Beauty {rN+ Regen+ rCorr}
   201 | D        | Entered arena 6.
   202 | D        | Reached **** piety under Makhleb
   218 | D        | Got the cursed ring of Vehumet's Hope {rElec Str+3 Int-3}
   221 | D        | Entered arena 7.
   221 | D        | Noticed a shadow wraith
   221 | D        | Noticed an ettin
   221 | D        | Noticed a hornet
   221 | D        | Noticed a centaur warrior
   221 | D        | Noticed a glowing orange brain
   221 | D        | Noticed a deep elf archer
   227 | D        | Killed a shadow wraith
   227 | D        | Reached ***** piety under Makhleb
   227 | D        | Gained mutation: You passively map the area around you. [Deep Dwarf growth]
   227 | D        | Reached XP level 9. HP: 86/93 MP: 9/9
   228 | D        | Killed an ettin
   228 | D        | Reached skill level 10 in Fighting
   228 | D        | Killed a centaur warrior
   232 | D        | Killed a glowing orange brain
   232 | D        | Reached XP level 10. HP: 103/103 MP: 10/10
   241 | D        | Killed a deep elf archer
   241 | D        | Reached skill level 1 in Dodging
   252 | D        | Entered arena 8.
   254 | D        | Reached ****** piety under Makhleb
   267 | D        | Entered arena 9.
   292 | D        | Entered arena 10.
   310 | D        | Entered arena 11.
   310 | D        | Noticed a black mamba
   310 | D        | Noticed a naga mage
   310 | D        | Noticed a naga mage
   313 | D        | Killed a black mamba
   314 | D        | Reached skill level 15 in Axes
   318 | D        | Killed a naga mage
   319 | D        | Killed a naga mage
   344 | D        | Entered arena 12.
   344 | D        | Noticed a black mamba
   344 | D        | Noticed a guardian serpent
   344 | D        | Noticed a naga mage
   344 | D        | Noticed a naga mage
   344 | D        | Noticed a black mamba
   345 | D        | Noticed a naga mage
   345 | D        | Noticed a naga mage
   345 | D        | Noticed a black mamba
   348 | D        | Killed a guardian serpent
   349 | D        | Killed a black mamba
   350 | D        | Killed a black mamba
   352 | D        | Killed a naga mage
   352 | D        | Reached skill level 15 in Shields
   352 | D        | Killed a black mamba
   353 | D        | Reached XP level 11. HP: 114/114 MP: 11/11
   383 | D        | Entered arena 13.
   383 | D        | Noticed an orc warlord
   384 | D        | Noticed an orc knight
   396 | D        | Killed an orc knight
   400 | D        | Killed an orc warlord
   426 | D        | Got the ring "Demewy" {+Fly rPois rF- rN++ Stlth+}
   430 | D        | Got the amulet of Minuugruno {Spirit MR+}
   435 | D        | Reached XP level 12. HP: 75/122 MP: 0/12
   437 | D        | Entered arena 14.
   438 | D        | Noticed a ghoul
   438 | D        | Noticed an ancient lich
   438 | D        | Noticed a lich
   439 | D        | Noticed a lich
   452 | D        | Killed a lich
   457 | D        | Killed a lich
   461 | D        | Killed an ancient lich
   461 | D        | Reached XP level 13. HP: 135/135 MP: 0/13
   464 | D        | Killed a ghoul
   509 | D        | Entered arena 15.
   514 | D        | Noticed an entropy weaver
   514 | D        | Noticed an entropy weaver
   514 | D        | Noticed an entropy weaver
   528 | D        | Killed an entropy weaver
   534 | D        | Killed an entropy weaver
   537 | D        | Reached skill level 15 in Fighting
   537 | D        | Reached skill level 1 in Stealth
   539 | D        | Killed an entropy weaver
   553 | D        | Got the ring of Springtime {rF+ MR+ Str+4 Dex+3}
   563 | D        | Entered arena 16.
   568 | D        | Noticed a lich
   568 | D        | Noticed a stone giant
   568 | D        | Noticed a shadow dragon
   589 | D        | Killed a lich
   593 | D        | Killed a shadow dragon
   610 | D        | Killed a stone giant
   624 | D        | Gained mutation: You resist negative energy. (rN+) [Deep Dwarf growth]
   624 | D        | Reached XP level 14. HP: 150/150 MP: 0/14
   651 | D        | Entered arena 17.
   654 | D        | Noticed a deep elf master archer
   655 | D        | Noticed a deep elf sorcerer
   661 | D        | Killed a deep elf master archer
   666 | D        | Killed a deep elf sorcerer
   669 | D        | Reached skill level 5 in Dodging
   694 | D        | Entered arena 18.
   697 | D        | Noticed a tentacled starspawn
   707 | D        | Killed a tentacled starspawn
   731 | D        | Got the amulet of Naih {Reflect Dex+5 SH+3}
   733 | D        | Got the amulet of Ziavvyad {Regen+ Dex+2}
   735 | D        | Got the amulet "Duokeaz" {Spirit Int+3}
   855 | D        | Entered arena 19.
   862 | D        | Noticed a titan
   862 | D        | Noticed a storm dragon
   862 | D        | Noticed a storm dragon
   863 | D        | Noticed a storm dragon
   875 | D        | Killed a titan
   878 | D        | Killed a storm dragon
   880 | D        | Killed a storm dragon
   888 | D        | Killed a storm dragon
   918 | D        | Got the ring of Youthful Indiscretion {Ice rElec Str+2}
   923 | D        | Got the ring of Rofrowo {rPois rN++ Str+4 Int+2}
   935 | D        | Entered arena 20.
   943 | D        | Noticed an ophan
   943 | D        | Noticed a pearl dragon
   943 | D        | Noticed a pearl dragon
   943 | D        | Noticed a daeva
   943 | D        | Noticed an ophan
   943 | D        | Noticed a pearl dragon
   947 | D        | Noticed a pearl dragon
   947 | D        | Noticed an ophan
   950 | D        | Noticed an angel
   950 | D        | Noticed an apis
   950 | D        | Noticed an apis
   950 | D        | Noticed a daeva
   957 | D        | Killed an ophan
   957 | D        | Killed an ophan
   957 | D        | Reached skill level 5 in Stealth
   958 | D        | Killed an ophan
   959 | D        | Killed a pearl dragon
   962 | D        | Killed a daeva
   973 | D        | Killed a pearl dragon
   973 | D        | Reached XP level 15. HP: 87/169 MP: 15/15
   978 | D        | Killed a pearl dragon
   980 | D        | Killed a daeva
   980 | D        | Killed a pearl dragon
   995 | D        | Got the ring of Recwenal {rCorr Int+3}
  1020 | D        | Got the amulet "Giugg" {Reflect MR++ Dex+3 SH+4}
  1029 | D        | Entered arena 21.
  1038 | D        | Noticed a ghost moth
  1038 | D        | Noticed a ghost moth
  1041 | D        | Noticed a ghost moth
  1051 | D        | Killed a ghost moth
  1054 | D        | Killed a ghost moth
  1061 | D        | Killed a ghost moth
  1061 | D        | Reached skill level 15 in Armour
  1110 | D        | Got the ring of Yneagek {Wiz rC- Int+2 Dex+4 Stlth+}
  1125 | D        | Entered arena 22.
  1132 | D        | Noticed an acid blob
  1140 | D        | Killed an acid blob
  1141 | D        | Noticed an acid blob
  1141 | D        | Noticed an azure jelly
  1141 | D        | Noticed an azure jelly
  1142 | D        | Noticed an azure jelly
  1142 | D        | Noticed an azure jelly
  1142 | D        | Noticed an azure jelly
  1147 | D        | Killed an azure jelly
  1149 | D        | Killed an azure jelly
  1149 | D        | Killed an azure jelly
  1151 | D        | Killed an acid blob
  1151 | D        | Paralysed by a floating eye for 2 turns
  1156 | D        | Killed an azure jelly
  1157 | D        | Reached skill level 27 in Shields
  1158 | D        | Killed an azure jelly
  1164 | D        | Reached skill level 10 in Stealth
  1190 | D        | Entered arena 23.
  1201 | D        | Noticed a nagaraja
  1201 | D        | Noticed a nagaraja
  1202 | D        | Noticed a nagaraja
  1202 | D        | Noticed a nagaraja
  1204 | D        | Noticed a nagaraja
  1207 | D        | Reached XP level 16. HP: 183/183 MP: 10/16
  1289 | D        | Entered arena 24.
  1298 | D        | Noticed a lich
  1299 | D        | Noticed a lich
  1300 | D        | Noticed a lich
  1301 | D        | Noticed a lich
  1303 | D        | Killed a lich
  1305 | D        | Noticed a lich
  1317 | D        | Killed a lich
  1318 | D        | Killed a lich
  1318 | D        | Reached skill level 27 in Axes
  1318 | D        | Killed a lich
  1329 | D        | Killed a lich
  1350 | D        | Got the ring of Egomania {rPois Str+5 Dex+6}
  1369 | D        | Entered arena 25.
  1380 | D        | Noticed a lich
  1381 | D        | Noticed an ancient lich
  1382 | D        | Noticed a lich
  1382 | D        | Noticed an ancient lich
  1384 | D        | Noticed a lich
  1387 | D        | Noticed a lich
  1393 | D        | Killed a lich
  1397 | D        | Killed an ancient lich
  1403 | D        | Killed an ancient lich
  1403 | D        | Reached XP level 17. HP: 207/207 MP: 17/17
  1404 | D        | Killed a lich
  1408 | D        | Killed a lich
  1408 | D        | Reached skill level 27 in Fighting
  1410 | D        | Killed a lich
  1410 | D        | Reached skill level 15 in Stealth
  1412 | D        | Reached skill level 10 in Dodging
  1438 | D        | Got the ring of Mihoputo {Wiz *Slow Int+3 Dex+6}
  1441 | D        | Got the ring "Gigh" {+Fly Dex+2 Slay+4 SInv Stlth+}
  1481 | D        | Entered arena 26.
  1500 | D        | Noticed a bone dragon
  1518 | D        | Killed a bone dragon
  1574 | D        | Entered arena 27.
  1640 | D        | Reached skill level 15 in Dodging
  1664 | D        | Got the ring of Loenwaaq {rC- Str-3 Dex+2 Slay+6 Stlth+}
  1664 | D        | Got the amulet "Kyveorang" {Faith rF- rC+ rN+ Slay+3}
  1678 | D        | Got the ring "Equrishre" {+Blink rF+ Int+3}
  1702 | D        | Entered arena 28.
  1721 | D        | Noticed a tentacled monstrosity
  1722 | D        | Noticed an Orb Guardian
  1722 | D        | Noticed an Orb Guardian
  1722 | D        | Noticed a tentacled monstrosity
  1722 | D        | Noticed a tentacled monstrosity
  1723 | D        | Noticed an Orb Guardian
  1723 | D        | Noticed an Orb Guardian
  1723 | D        | Noticed a tentacled monstrosity
  1724 | D        | Noticed a tentacled monstrosity
  1725 | D        | Noticed an Orb Guardian
  1725 | D        | Noticed an Orb Guardian
  1726 | D        | Noticed a quicksilver dragon
  1726 | D        | Noticed an Orb Guardian
  1728 | D        | Noticed an Orb Guardian
  1728 | D        | Noticed a tentacled monstrosity
  1729 | D        | Killed an Orb Guardian
  1731 | D        | Noticed a curse toe
  1731 | D        | Noticed a tentacled monstrosity
  1731 | D        | Killed a tentacled monstrosity
  1733 | D        | Killed an Orb Guardian
  1734 | D        | Noticed an Orb Guardian
  1735 | D        | Killed a tentacled monstrosity
  1735 | D        | Gained mutation: You passively map a large area around you. [Deep Dwarf growth]
  1735 | D        | Reached XP level 18. HP: 218/218 MP: 6/18
  1737 | D        | Killed a tentacled monstrosity
  1737 | D        | Killed an Orb Guardian
  1738 | D        | Killed an Orb Guardian
  1739 | D        | Noticed an Orb Guardian
  1740 | D        | Killed an Orb Guardian
  1741 | D        | Noticed an Orb Guardian
  1743 | D        | Noticed an Orb Guardian
  1747 | D        | Killed an Orb Guardian
  1748 | D        | Killed a tentacled monstrosity
  1748 | D        | Reached skill level 27 in Armour
  1748 | D        | Killed an Orb Guardian
  1751 | D        | Noticed an Orb Guardian
  1751 | D        | Killed an Orb Guardian
  1752 | D        | Noticed a curse toe
  1752 | D        | Noticed an Orb Guardian
  1753 | D        | Killed a tentacled monstrosity
  1754 | D        | Killed an Orb Guardian
  1756 | D        | Noticed an Orb Guardian
  1756 | D        | Killed an Orb Guardian
  1756 | D        | Killed an Orb Guardian
  1758 | D        | Killed an Orb Guardian
  1759 | D        | Killed a tentacled monstrosity
  1761 | D        | Killed a tentacled monstrosity
  1762 | D        | Noticed an Orb Guardian
  1763 | D        | Killed an Orb Guardian
  1764 | D        | Killed an Orb Guardian
  1765 | D        | Reached skill level 1 in Invocations
  1767 | D        | Killed an Orb Guardian
  1767 | D        | Reached skill level 5 in Invocations
  1773 | D        | Killed an Orb Guardian
  1776 | D        | Reached skill level 10 in Invocations
  1782 | D        | Killed a curse toe
  1786 | D        | Killed a curse toe
  1786 | D        | Reached skill level 15 in Invocations
  1795 | D        | Got the ring "Fahumiss" {rN+ SInv}
  1795 | D        | Got the ring "Wedweuse" {rPois rC+}
  1872 | D        | Got the ring of Baaduz {rElec rPois MR- Str+2 Dex+2}
  1890 | D        | Got the amulet of Zoexagug {Inacc *Slow rF+ rC+ Int+2}
  1918 | D        | Got the Orb of Zot
  2755 | D        | Escaped with the Orb!

Vault maps used:
D:        sprint_v

Skill      XL: |  1  2  3  4  5  6  7  8  9 10 11 12 13 14 15 16 17 18 |
---------------+-------------------------------------------------------+-----
Fighting       | 4 6 7 8 9 10 11 12 14 16 19 21 26 27 | 27.0
Axes           | 3 5 8 11 13 16 18 20 21 24 25 27 | 27.0
Armour         | 6 8 9 10 11 12 13 14 16 19 25 27 | 27.0
Shields        | 5 8 9 11 12 13 15 16 18 21 24 27 | 27.0
Dodging        | 1 3 4 5 7 9 17 26 | 26.1
Stealth        | 3 6 10 13 20 | 20.2
Invocations    | 15 | 15.9

Action                   |  1- 3 |  4- 6 |  7- 9 | 10-12 | 13-15 | 16-18 || total
-------------------------+-------+-------+-------+-------+-------+-------++-------
Melee: Broad axe         |     1 |     3 |    31 |    74 |   237 |   272 ||   618
 Abil: Heal Wounds       |       |       |       |       |     3 |     3 ||     6
  Use: Scroll            |       |       |     1 |       |     1 |       ||     2
       Potion            |       |       |       |     1 |     8 |       ||     9
 Stab: Distracted        |       |       |       |       |     8 |    20 ||    28
  Eat: Chunk             |       |       |       |       |     1 |     3 ||     4
       Bread ration      |       |       |       |       |       |     1 ||     1
Armor: Plate armour      |       |     2 |    14 |    19 |   216 |   107 ||   358
Dodge: Dodged            |       |       |     3 |     7 |    56 |    75 ||   141
Block: Shield            |     6 |     1 |    52 |   105 |   486 |   539 ||  1189
       Reflection        |       |       |       |       |    11 |    12 ||    23
